Map: Distant Plane

Players

labxxnz

  • Race: Terran Terran

Tenonee

  • Race: Zerg Zerg
  • League: Diamond

llllllllllll

  • Race: Terran Terran
  • League: Diamond

IlIlIlIlIlll

  • Race: Zerg Zerg

VOD

Have the link to the VOD?

Description

Time

  • Played on: July 27, 2016, 3:53 a.m.
  • Length: 18:03
Show
View Real Time Build Order
Export as new Build Order

labxxnz Terran 

Build Orders: Reaper Expand, Bio Tank 

Get SALT Encoding   

  12  0:01  SCV  
  13  0:13  SCV  
  14  0:22  Supply Depot  
  14  0:25  SCV  
  15  0:32  Refinery  
  15  0:45  Barracks  
  15  0:49  SCV  
  16  1:01  SCV  
  17  1:13  SCV  
  18  1:25  SCV  
  18  1:32  Reaper  
  20  1:37  Orbital Command  
  20  1:55  Command Center  
  20  2:03  SCV  
  21  2:15  SCV  
  21  2:20  Factory  
  22  2:37  SCV  
  22  2:40  Barracks Reactor  
  23  2:46  Refinery  
  23  2:52  Supply Depot  
  23  3:06  SCV  
  23  3:09  Factory Tech Lab, Starport  
  24  3:18  Marine x2, SCV  
  26  3:28  Command Center  
  26  3:29  Siege Tank  
  26  3:33  Orbital Command  
  29  3:36  SCV  
  29  3:40  Marine x2  
  32  3:48  SCV  
  33  3:51  Supply Depot  
  33  3:58  Marine  
  33  4:00  SCV  
  35  4:08  Barracks  
  35  4:12  Liberator, SCV  
  36  4:17  Marine x2  
  36  4:18  SCV  
  39  4:31  SCV  
  43  4:35  Marine x2  
  43  4:38  Refinery  
  45  4:42  Refinery  
  45  4:43  SCV  
  45  4:45  SCV x2  
  48  4:55  Engineering Bay, SCV  
  48  4:57  Engineering Bay  
  49  5:00  Orbital Command  
  49  5:04  SCV  
  50  5:12  Barracks Tech Lab  
  50  5:13  Barracks  
  50  5:15  Starport Reactor  
  50  5:18  Marine, Siege Tank  
  50  5:20  SCV  
  55  5:23  Terran Infantry Weapons Level 1  
  55  5:27  SCV x2  
  57  5:36  Stimpack  
  57  5:43  Barracks  
  57  5:44  Barracks  
  57  5:46  Marine  
  57  5:47  Marine x2  
  60  5:50  Siege Tank  
  60  5:53  Medivac x2  
  67  6:00  Supply Depot, SCV x2  
  69  6:10  Barracks Tech Lab  
  69  6:12  Barracks  
  69  6:21  Marine, SCV  
  63  6:35  Marine x2  
  63  6:36  Marine  
  63  6:39  Marine  
  64  6:40  SCV x3  
  64  6:42  Siege Tank  
  64  6:46  Viking x2  
  74  6:52  SCV x3  
  77  6:58  Marine x2  
  77  6:59  Barracks Reactor, Barracks  
  77  7:00  Supply Depot, Combat Shields  
  76  7:04  Barracks Reactor  
  76  7:08  Supply Depot  
  76  7:22  Siege Tank  
  79  7:23  Marine x5  
  84  7:31  Supply Depot  
  84  7:40  Marine  
  84  7:41  Terran Infantry Armor Level 1, Marine x4  
  89  7:46  Armory, SCV x3  
  89  7:47  Marine  
  93  7:52  Marine x3  
  93  7:58  Marine, SCV x3  
  97  8:00  Missile Turret  
  97  8:01  Marine x3  
  100  8:07  Marine  
  100  8:12  Missile Turret  
  101  8:16  Refinery  
  101  8:17  Refinery  
  101  8:19  Supply Depot  
  101  8:20  Barracks Reactor  
  101  8:21  Barracks Reactor  
  101  8:22  Supply Depot  
  101  8:40  Marine x3  
  101  8:41  Medivac x2, SCV x3  
  107  8:53  SCV x2  
  109  9:05  Marine x4  
  113  9:11  SCV x3  
  113  9:15  Marine  
  117  9:20  Command Center  
  117  9:22  Supply Depot  
  117  9:23  Marine x3, SCV  
  121  9:24  Supply Depot  
  121  9:53  Marine x6  
  121  9:55  Siege Tank  
  121  9:56  Medivac x2  
  131  10:08  Marine x2  
  131  10:10  Marine x2  
  131  10:11  Marine x4  
  131  10:12  Marine x2  
  99  10:26  Marine x2  
  99  10:27  Terran Infantry Armor Level 2, Terran Infantry Weapons Level 2, Siege Tank  
  99  10:28  Marine x4  
  99  10:29  Marine x2  
  99  10:30  Marine x2  
  99  10:34  Orbital Command  
  107  10:43  Supply Depot, Marine  
  107  10:44  Concussive Shells, Marine  
  107  10:46  Marine x5  
  107  10:47  Marine x2  
  107  10:48  Marine  
  98  10:59  Siege Tank  
  100  11:07  Marine  
  100  11:08  Marine x4  
  100  11:10  Marine x3  
  107  11:11  Marine x2  
  107  11:13  Supply Depot  
  107  11:14  Supply Depot  
  109  11:22  Medivac x2  
  109  11:23  Marine  
  109  11:24  Marine  
  109  11:25  Marine x2  
  115  11:26  Marine x3  
  115  11:28  Marine  
  115  11:31  Marine  
  115  11:32  Marine x3  
  125  11:35  SCV  
  125  11:36  SCV x2  
  128  11:41  Marine  
  128  11:42  Marine  
  128  11:43  Marine x3  
  128  11:44  Refinery  
  133  11:52  Medivac  
  135  11:55  Missile Turret, Command Center  
  135  11:57  Marine  
  135  11:58  Marine x3  
  135  12:00  Supply Depot  
  139  12:02  Marine  
  139  12:03  Marine x7  
  145  12:14  Siege Tank  
  145  12:15  Marine x2  
  132  12:16  Marine x2  
  132  12:20  Marine x2  
  136  12:25  Missile Turret  
  136  12:28  Marine  
  136  12:29  Marine x5  
  142  12:33  Marine x4  
  146  12:38  Marine x2  
  146  12:47  Marine, Siege Tank  
  146  12:48  Marine x2  
  150  12:57  Marine x2  
  150  12:58  Marine x4  
  110  13:04  Marine x3  
  90  13:08  Marine x3  
  75  13:13  Planetary Fortress  
  75  13:15  Marine x2  
  75  13:16  Marine x4  
  79  13:22  Marine x3  
  79  13:25  Marine  
  79  13:26  Marine x2  
  85  13:33  Marine x3  
  85  13:34  Marine x3  
  88  13:39  Marine  
  88  13:40  Marine  
  93  13:46  Marine  
  93  13:47  Marine x2  
  89  14:03  Marine  
  89  14:04  Marine x4  
  86  14:13  Marine x2  
  86  14:16  Marine  
  83  14:24  Missile Turret  
  83  14:30  Marine  
  80  14:42  Marine x5  
  80  14:43  Marine x2  
  60  14:47  Marine  
  60  14:51  Marine  
  57  14:58  Orbital Command  
  55  15:05  Marine x2  
  57  15:18  SCV  
  58  15:22  Marine  
  59  15:30  SCV  
  59  15:35  Marine x3  
  62  15:42  SCV  
  64  15:44  SCV  
  64  15:47  SCV  
  66  15:50  Marine  
  66  15:51  Marine  
  66  15:54  SCV  
  69  16:11  Marine x4  
  71  16:12  Marine  
  74  16:21  Marine x4  
  74  16:24  Marine x2  
  74  16:25  Marine  
  81  16:28  Marine  
  81  16:29  Marine  
  83  16:37  Marine x3  
  83  16:39  Marine x2  
  87  16:40  Marine x2  
  87  16:42  Marine x2  
  87  16:44  Marine  
  87  16:46  Marine x2, SCV  
  96  16:47  SCV  
  97  16:55  Marine  
  97  16:58  SCV  
  99  17:01  Marine x2  
  99  17:02  Marine x7  
  99  17:04  Marine x2  
  110  17:13  Marine  
  111  17:19  Marine x3  
  111  17:20  Marine x3  
  106  17:23  Marine x4  
  106  17:24  Marine  
  81  17:30  Marine  
  80  17:37  Marine x5  
  80  17:38  Marine  
  80  17:40  Marine  
  80  17:41  Marine x4  
Show
View Real Time Build Order
Export as new Build Order

Tenonee Zerg 

Build Orders: Hatch First 

Get SALT Encoding   

  12  0:01  Drone  
  13  0:18  Overlord  
  13  0:22  Drone  
  14  0:40  Drone x2  
  16  0:43  Drone  
  17  0:51  Drone  
  18  1:00  Hatchery  
  17  1:06  Drone  
  17  1:09  Extractor  
  17  1:21  Spawning Pool  
  17  1:24  Drone  
  17  1:27  Drone  
  18  1:40  Overlord  
  18  1:45  Drone  
  19  1:57  Drone  
  20  2:07  Drone  
  21  2:12  Metabolic Boost  
  21  2:16  Queen x2  
  25  2:29  Drone x3  
  29  2:30  Drone  
  29  2:40  Drone x2  
  31  2:48  Zergling x2  
  32  2:52  Zergling x2  
  33  2:59  Overlord  
  33  3:07  Roach Warren  
  33  3:08  Drone x2  
  34  3:30  Queen x2  
  34  3:32  Drone x3, Overlord  
  42  3:48  Zergling x2  
  42  3:49  Zergling x4  
  42  3:52  Zergling x4  
  42  3:53  Zergling x2  
  45  4:11  Zergling x2  
  45  4:12  Zergling x10  
  51  4:20  Lair  
  51  4:24  Overlord x2  
  51  4:25  Overlord x2  
  49  4:57  Extractor  
  49  4:58  Extractor  
  47  5:00  Extractor  
  47  5:03  Drone x9  
  47  5:04  Drone x3  
  58  5:20  Hatchery  
  57  5:22  Drone x2  
  59  5:49  Glial Reconstitution  
  58  6:00  Drone x2  
  60  6:09  Extractor  
  58  6:12  Extractor  
  58  6:14  Roach  
  58  6:15  Roach x6  
  71  6:20  Roach x6  
  83  6:28  Hatchery  
  82  6:46  Spire  
  75  7:08  Roach x4  
  83  7:13  Spore Crawler  
  83  7:14  Spore Crawler  
  79  7:21  Queen  
  79  7:22  Queen  
  76  7:30  Overlord x3  
  76  7:31  Overlord  
  76  7:33  Drone  
  76  7:34  Drone x3  
  76  7:36  Drone  
  76  7:37  Drone x2  
  82  7:39  Overlord x2  
  83  7:46  Queen  
  83  7:48  Overlord x2  
  84  8:04  Spore Crawler  
  77  8:08  Roach  
  77  8:09  Roach x6  
  77  8:11  Ravager x2  
  77  8:12  Ravager  
  94  8:13  Ravager  
  94  8:14  Ravager  
  95  8:26  Drone x5  
  95  8:35  Extractor  
  95  8:37  Extractor, Roach x3  
  76  9:02  Queen  
  76  9:04  Drone x3  
  76  9:05  Drone x2  
  76  9:09  Mutalisk x6  
  95  9:22  Drone x3  
  95  9:23  Drone x2  
  70  9:46  Mutalisk  
  70  9:47  Mutalisk x7  
  84  10:21  Mutalisk  
  84  10:22  Mutalisk x4  
  94  10:39  Mutalisk x3  
  100  10:43  Zergling x4  
  100  10:44  Zergling x20  
  103  11:00  Zergling x2  
  103  11:01  Zergling x16  
  105  11:07  Drone x3  
  107  11:11  Zerg Flyer Weapons Level 1  
  107  11:18  Mutalisk x3  
  95  12:05  Mutalisk  
  95  12:06  Mutalisk x7  
  108  12:16  Queen  
  96  12:31  Drone x6  
  102  12:38  Drone  
  102  12:39  Drone x4  
  97  13:20  Mutalisk x3  
  97  13:21  Mutalisk x2  
  107  13:27  Zerg Flyer Armor Level 1  
  99  13:46  Mutalisk x4  
  105  13:52  Spine Crawler  
  94  14:13  Drone x3  
  97  14:25  Zergling x2  
  98  14:31  Drone  
  77  15:23  Mutalisk  
  77  15:24  Mutalisk x7  
  85  15:40  Drone x4  
  85  15:41  Drone x3  
  91  16:04  Mutalisk x4  
  97  16:34  Hatchery  
  75  16:53  Drone  
  75  16:54  Drone x4  
  72  17:42  Baneling Nest  
Show
View Real Time Build Order
Export as new Build Order

llllllllllll Terran 

Build Orders: Bio Tank 

Get SALT Encoding   

  12  0:01  SCV  
  13  0:13  SCV  
  14  0:17  Supply Depot  
  14  0:25  SCV  
  15  0:39  SCV  
  16  0:44  Barracks  
  16  0:47  Refinery  
  16  0:51  SCV  
  17  1:03  SCV  
  18  1:15  SCV  
  19  1:31  Orbital Command  
  19  1:32  Barracks Reactor  
  19  1:42  Command Center  
  19  1:51  Refinery  
  19  1:56  Supply Depot  
  19  1:57  SCV  
  20  2:11  SCV  
  20  2:12  Marine x2  
  23  2:31  SCV, Factory  
  23  2:42  Marine x2  
  23  2:43  SCV  
  26  2:56  SCV  
  26  2:57  Supply Depot  
  27  2:59  Marine  
  27  3:00  Marine  
  29  3:08  SCV  
  29  3:21  SCV  
  29  3:22  Starport  
  29  3:24  Factory Tech Lab  
  30  3:28  Marine x2  
  32  3:34  Engineering Bay  
  32  3:35  SCV  
  33  3:44  Siege Tank  
  36  3:52  Orbital Command  
  36  3:53  SCV  
  37  4:02  Barracks  
  37  4:05  Medivac  
  37  4:06  Medivac  
  41  4:11  SCV  
  42  4:19  Siege Tank  
  42  4:20  Barracks Tech Lab  
  42  4:21  SCV  
  42  4:23  SCV  
  47  4:27  Supply Depot  
  47  4:28  Missile Turret  
  47  4:33  SCV  
  47  4:36  Missile Turret  
  47  4:37  SCV  
  49  4:39  Marine  
  49  4:44  Stimpack  
  50  4:57  Marine  
  50  4:58  Siege Tank  
  54  5:01  SCV x2  
  54  5:02  Supply Depot  
  54  5:06  Refinery  
  56  5:10  Refinery  
  56  5:13  SCV  
  57  5:15  Marine  
  58  5:22  Medivac  
  58  5:26  Marine  
  62  5:28  SCV x2  
  62  5:31  Supply Depot  
  62  5:32  Terran Infantry Weapons Level 1  
  62  5:33  Marine  
  64  5:36  Engineering Bay  
  64  5:40  SCV  
  65  5:49  Medivac  
  67  5:50  SCV  
  67  5:52  SCV  
  69  6:02  SCV  
  70  6:04  SCV  
  70  6:09  Marine  
  71  6:20  Command Center  
  48  6:40  SCV x2  
  48  6:44  Missile Turret, Viking x2  
  53  6:52  Cyclone, SCV  
  53  6:53  SCV  
  53  6:54  Combat Shields  
  58  6:57  Terran Infantry Armor Level 1  
  58  7:04  SCV  
  58  7:05  SCV  
  58  7:06  Marine x2  
  62  7:17  Barracks  
  62  7:22  Armory  
  62  7:24  Marine x2  
  62  7:27  Barracks  
  62  7:29  Medivac  
  66  7:32  SCV x2  
  69  7:39  Orbital Command  
  69  7:41  Marine  
  69  7:42  Marine  
  70  7:44  SCV  
  70  7:45  SCV  
  70  7:49  Siege Tank  
  75  7:53  Liberator  
  75  7:56  SCV  
  76  7:59  Marine  
  68  8:09  Marine  
  70  8:16  SCV x3  
  70  8:17  Marine  
  70  8:19  Refinery  
  74  8:21  Refinery  
  74  8:22  Barracks Tech Lab  
  74  8:26  Siege Tank  
  74  8:27  Marine  
  77  8:28  Barracks Reactor, SCV  
  77  8:31  Supply Depot  
  77  8:32  Missile Turret  
  79  8:34  SCV x2  
  79  8:35  Marine  
  79  8:39  Missile Turret  
  79  8:40  SCV  
  83  8:43  Marine  
  83  8:44  Marine  
  83  8:46  SCV  
  86  8:51  Missile Turret, Liberator  
  86  8:53  Marine  
  87  8:59  Siege Tank  
  87  9:01  Marine  
  87  9:02  Marine  
  91  9:07  Marine x2  
  91  9:09  SCV x3  
  100  9:11  Marine  
  101  9:23  Terran Infantry Weapons Level 2  
  101  9:24  Terran Infantry Armor Level 2  
  101  9:25  Terran Ship Weapons Level 1, Supply Depot  
  101  9:38  Liberator  
  101  9:46  Marine x3, Siege Tank, SCV x2  
  101  9:51  Supply Depot x2  
  109  9:55  Supply Depot, Marine x2, SCV  
  109  9:58  SCV  
  116  10:04  Marine  
  117  10:10  Marine  
  117  10:12  Marine  
  117  10:13  Marine x2  
  119  10:18  Siege Tank  
  98  10:21  Marine  
  98  10:23  Liberator  
  98  10:24  Liberator  
  98  10:28  Marine  
  99  10:30  Marine  
  99  10:31  Marine x2, Barracks  
  103  10:39  Marine  
  110  10:44  Command Center  
  110  10:46  Marine  
  110  10:48  Marine x3  
  113  10:50  Siege Tank  
  103  10:57  Marine  
  103  11:04  Marine  
  95  11:06  Marine x3  
  95  11:15  Marine  
  96  11:20  Liberator, Concussive Shells  
  96  11:21  Marine  
  96  11:22  Siege Tank  
  96  11:24  Marine x3  
  96  11:25  Terran Vehicle Weapons Level 1  
  103  11:33  Marine  
  103  11:37  Medivac  
  103  11:39  Marine  
  108  11:41  Marine  
  108  11:42  Marine x2  
  108  11:51  Marine  
  108  11:54  Command Center  
  109  11:56  Liberator  
  109  11:57  Marine  
  109  11:59  Marine  
  109  12:00  Marine x2  
  116  12:01  Siege Tank  
  116  12:05  Planetary Fortress, Barracks  
  116  12:08  Marine  
  116  12:15  Marine  
  121  12:17  Marine x3  
  124  12:26  Marine  
  125  12:33  Marine, Siege Tank  
  125  12:35  Marine x3  
  132  12:39  Marine  
  132  12:40  Starport, Factory  
  130  12:44  Marine  
  130  12:50  Marine  
  131  12:53  Marine x3  
  131  12:57  Marine  
  105  13:02  Marine  
  105  13:05  Liberator x2  
  93  13:08  Marine  
  93  13:10  Marine  
  93  13:11  Marine x2  
  88  13:15  Marine  
  79  13:20  Thor, Marine  
  79  13:23  SCV x2  
  79  13:25  Missile Turret, Starport Reactor  
  79  13:26  Marine  
  94  13:28  Marine  
  94  13:29  Marine x2  
  94  13:31  Missile Turret  
  94  13:32  Barracks Reactor, Marine  
  94  13:33  Missile Turret  
  98  13:37  Missile Turret, Marine  
  98  13:44  Marine  
  98  13:46  Marine  
  98  13:47  Marine x2  
  102  13:50  Marine  
  102  13:55  Marine  
  103  13:56  Refinery  
  103  13:57  Refinery  
  103  14:02  Liberator x2, Marine  
  96  14:04  Marine x3  
  96  14:08  Marine  
  93  14:13  Marine x3  
  93  14:16  Factory Tech Lab, Thor  
  99  14:20  Marine  
  99  14:22  Marine x2  
  99  14:23  Supply Depot  
  108  14:25  Supply Depot  
  108  14:26  Marine x2  
  108  14:31  Marine x3  
  110  14:37  Marine  
  114  14:40  Liberator x2  
  114  14:42  Marine x2  
  114  14:44  Marine x2  
  109  14:49  Marine x3  
  99  14:56  Marine  
  99  15:00  Marine x2  
  99  15:02  Marine  
  79  15:09  Marine x4  
  79  15:14  Marine  
  83  15:17  Marine  
  83  15:18  Marine  
  86  15:21  SCV x2  
  86  15:27  Marine x2  
  84  15:30  Thor  
  84  15:33  Medivac  
  92  15:40  Marine  
  92  15:41  Marine x2  
  92  15:42  Marine x2  
  97  15:44  Liberator, Medivac  
  99  15:53  Missile Turret x2  
  99  15:54  Missile Turret, Refinery x2  
  99  15:59  Command Center  
  99  16:01  Medivac  
  101  16:04  Liberator  
  101  16:06  Marine x2  
  101  16:08  Marine  
  101  16:11  Marine x3  
  104  16:12  Marine  
  104  16:13  Marine  
  103  16:25  SCV x2  
  108  16:26  Supply Depot  
  108  16:32  Refinery  
  108  16:38  Planetary Fortress  
  108  16:41  Marine x2  
  108  16:42  Marine x6  
  108  16:43  Supply Depot  
  116  16:47  SCV x2  
  118  16:55  Siege Tank  
  118  16:58  Thor  
  118  16:59  Marine x3  
  130  17:05  Missile Turret  
  130  17:08  Marine x2  
  131  17:09  Missile Turret  
  129  17:28  Marine x4  
Show
View Real Time Build Order
Export as new Build Order

IlIlIlIlIlll Zerg 

Build Orders: Hatch First 

Get SALT Encoding   

  12  0:01  Drone  
  13  0:08  Drone  
  14  0:17  Extractor  
  14  0:18  Extractor, Drone  
  13  0:24  Drone  
  16  0:51  Hatchery  
  15  0:59  Spawning Pool  
  14  1:06  Extractor  
  14  1:07  Drone  
  14  1:12  Overlord  
  14  1:34  Drone x3  
  17  1:45  Drone  
  17  1:46  Queen  
  20  2:03  Queen  
  20  2:04  Overlord  
  22  2:12  Zergling x4  
  24  2:17  Drone  
  24  2:20  Metabolic Boost  
  25  2:27  Drone  
  25  2:29  Zergling x2  
  27  2:41  Drone x3  
  30  2:46  Drone  
  30  2:51  Zergling x2  
  32  2:58  Drone  
  33  2:59  Baneling Nest  
  33  3:00  Drone  
  33  3:10  Drone  
  34  3:14  Zergling x4  
  34  3:16  Overlord  
  36  3:28  Overlord  
  36  3:32  Spine Crawler  
  35  3:36  Lair  
  35  3:37  Drone  
  35  3:39  Drone x2  
  38  3:43  Baneling  
  38  3:47  Drone x2  
  40  3:53  Drone x3  
  43  3:57  Drone  
  43  4:01  Extractor  
  43  4:04  Drone x2  
  43  4:06  Drone  
  43  4:07  Drone  
  47  4:10  Drone  
  47  4:16  Drone x2  
  49  4:26  Overlord  
  49  4:35  Drone  
  49  4:36  Evolution Chamber  
  49  4:49  Zergling x12  
  54  4:54  Baneling x2  
  54  5:00  Drone x2  
  54  5:02  Extractor  
  54  5:03  Zerg Ground Armor Level 1, Extractor  
  54  5:07  Drone  
  54  5:09  Spire  
  54  5:18  Drone x2  
  54  5:19  Overlord  
  56  5:23  Hatchery  
  56  5:24  Overlord  
  56  5:27  Drone x2  
  57  5:31  Baneling  
  57  5:41  Spore Crawler  
  56  5:54  Spore Crawler  
  55  6:01  Drone x2  
  57  6:07  Drone x2  
  59  6:22  Mutalisk  
  59  6:23  Mutalisk x4  
  69  6:36  Zergling x8  
  69  6:37  Zergling x6  
  74  6:49  Mutalisk x2  
  74  6:50  Mutalisk  
  74  6:53  Zergling x4  
  74  6:54  Zergling x2  
  77  7:01  Mutalisk  
  77  7:05  Drone  
  77  7:06  Drone  
  81  7:13  Overlord x2  
  81  7:20  Overlord x2  
  81  7:33  Mutalisk x2  
  81  7:34  Zergling x8  
  87  7:42  Mutalisk x2  
  91  7:44  Zergling x2  
  91  7:45  Zergling x2  
  89  7:59  Mutalisk x2  
  89  8:03  Zergling x4  
  89  8:04  Zergling x4  
  97  8:13  Zergling x4  
  97  8:14  Zergling x4  
  101  8:25  Zergling x4  
  101  8:26  Zergling x4  
  107  8:34  Zergling x4  
  107  8:37  Extractor x2  
  107  8:40  Hatchery  
  104  8:42  Mutalisk x2  
  104  8:43  Zergling x2  
  97  8:49  Mutalisk x2  
  93  8:57  Zergling x4  
  93  8:58  Zerg Ground Armor Level 2  
  93  9:00  Zerg Flyer Weapons Level 1  
  93  9:01  Zergling x2  
  93  9:02  Queen  
  98  9:13  Drone x3  
  101  9:19  Mutalisk x2  
  101  9:24  Zergling x2  
  106  9:27  Mutalisk  
  108  9:34  Mutalisk  
  108  9:35  Zergling x2  
  103  9:45  Zergling x2  
  103  9:46  Zergling x8  
  103  9:51  Drone  
  109  9:54  Drone x2  
  109  9:55  Drone x2  
  109  9:58  Zergling x2  
  114  10:03  Zergling x4  
  109  10:11  Zergling x4  
  109  10:12  Zergling x4  
  87  10:23  Zergling x10  
  87  10:24  Zergling x6  
  87  10:28  Zergling x4  
  97  10:31  Zergling x2  
  97  10:35  Mutalisk x3  
  98  10:36  Mutalisk x2  
  98  10:38  Zergling x2  
  98  10:41  Zergling x2  
  110  10:47  Zergling x4  
  110  10:48  Zergling x2  
  112  10:54  Zerg Flyer Armor Level 1, Overlord x2  
  112  10:57  Queen  
  112  10:59  Zergling x4  
  113  11:04  Zergling x6  
  113  11:05  Zergling x2  
  113  11:07  Mutalisk x2  
  113  11:10  Zergling x4  
  120  11:11  Overlord x2  
  120  11:14  Zerg Melee Weapons Level 1  
  120  11:17  Zergling x4  
  118  11:31  Zergling x6  
  118  11:32  Zergling x4  
  119  11:34  Drone x3  
  119  11:38  Zergling x4  
  119  11:39  Zergling x2  
  125  11:41  Mutalisk  
  127  11:49  Mutalisk x3  
  127  11:50  Mutalisk x2  
  136  11:57  Overlord  
  136  11:58  Overlord x3  
  135  12:04  Overlord  
  135  12:18  Mutalisk x3  
  135  12:19  Mutalisk x7  
  135  12:20  Mutalisk  
  156  12:29  Zergling x6  
  153  12:35  Mutalisk x3  
  159  12:45  Zergling x4  
  159  12:50  Zergling x12  
  132  13:08  Zergling x6  
  132  13:09  Zergling x6  
  116  13:20  Mutalisk x5  
  116  13:26  Mutalisk  
  125  13:30  Zergling x6  
  124  13:39  Mutalisk x3  
  114  13:44  Mutalisk x2  
  118  13:58  Mutalisk x2  
  119  14:13  Mutalisk x2  
  121  14:26  Mutalisk x2  
  125  14:36  Hatchery  
  125  14:37  Mutalisk x2  
  93  14:54  Mutalisk  
  93  14:55  Mutalisk, Zergling x4  
  76  15:01  Mutalisk  
  76  15:04  Zergling x12  
  76  15:05  Zergling x2  
  85  15:14  Zergling x2  
  85  15:15  Zergling x4  
  88  15:23  Mutalisk x3, Spore Crawler  
  93  15:29  Zergling x6  
  93  15:30  Zergling x4  
  97  15:37  Zergling x2  
  98  15:43  Mutalisk x3  
  98  15:46  Zergling x6  
  103  15:58  Mutalisk  
  103  15:59  Mutalisk  
  106  16:14  Mutalisk x2  
  106  16:17  Hatchery  
  107  16:22  Zergling x2  
  107  16:23  Zergling x16  
  107  16:24  Zergling x2  
  117  16:34  Hatchery  
  116  16:45  Zergling x2  
  116  16:46  Zergling x8  
  112  16:50  Zergling x4  
  107  17:01  Zergling x4  
  90  17:33  Zergling x6  
Tags
 
Add a new tag
Caveats
  • Supply blocks, unpowered buildings, or Contaminate may cause inaccurate times.
  • Supply counts are checked every 10 seconds.